 Dungeon Crawl Stone Soup version 0.25.1-2-g60ff931df9 (webtiles) character file.

Game seed: 13534818565083462381

133 Allula97 the Skirmisher (level 4, -7/37 HPs)
             Began as a Demonspawn Monk on Nov 14, 2020.
             Killed by nerve-wracking pain
             ... invoked by Jessica
              (12 damage)
             ... on level 3 of the Dungeon.
             The game lasted 00:07:44 (1331 turns).

Allula97 the Skirmisher (Demonspawn Monk)           Turns: 1331, Time: 00:07:44

Health: -7/37      AC:  5    Str: 11    XL:     4   Next: 94%
Magic:  5/5        EV: 12    Int: 12    God:
Gold:   40         SH:  0    Dex: 16    Spells: 4/4 levels left

rFire    . . .     SeeInvis .   i - +1 dagger (distort)
rCold    . . .     Gourm    .   (no shield)
rNeg     . . .     Faith    .   g - +0 ring mail
rPois    .         Spirit   .   h - +0 helmet (curse)
rElec    .         Reflect  .   m - +2 cloak
rCorr    .         Harm     .   (no gloves)
MR       .....                  (no boots)
Stlth    +++.......             (no amulet)
HPRegen  0.12/turn              (no ring)
MPRegen  0.09/turn              (no ring)

@: mighty, corroded
A: nightstalker 1
a: no special abilities


You were on level 3 of the Dungeon.
You were not hungry.

You visited 1 branch of the dungeon, and saw 3 of its levels.

You collected 40 gold pieces.

Inventory:

Hand Weapons
 i - a +1 dagger of distortion (weapon)
Missiles
 l - 2 throwing nets
 q - an atropa-tipped dart (quivered)
Armour
 g - a +0 ring mail (worn)
 h - a cursed +0 helmet (worn)
 m - a +2 cloak (worn)
 n - a +0 kite shield
Scrolls
 b - 2 scrolls of identify
 d - a scroll of immolation
 f - a scroll of fear {unknown}
 j - 2 scrolls of teleportation
 p - a scroll of enchant weapon {unknown}
Potions
 e - a potion of stabbing
Comestibles
 c - 5 rations
 o - 26 chunks of flesh


   Skills:
 * Level 3.6 Fighting
 * Level 1.5(2.4) Short Blades
   Level 2.8(3.0) Long Blades
 + Level 1.2 Armour
 * Level 3.2 Dodging
 * Level 2.6 Stealth
 + Level 0.9 Spellcasting


You had 4 spell levels left.
You didn't know any spells.
Your spell library was empty.

Dungeon Overview and Level Annotations

Branches:
Dungeon (3/15)

Altars:

Annotations:
D:3 Ijyb, Jessica
Abyss:1 Natasha


Innate Abilities, Weirdness & Mutations

You are slightly more attuned to the shadows.


Message History

You are splashed with acid!
* * * LOW HITPOINT WARNING * * *
The leopard gecko barely misses you.
Jessica mumbles some strange words.
Jessica blinks!
You feel much better. Ijyb barely misses you.
The leopard gecko barely misses you.
You hit Ijyb but do no damage.
Space bends around Ijyb.
Ijyb is moderately wounded.
Ijyb zaps a wand.
The bolt of acid hits you!!
You are splashed with acid!
* * * LOW HITPOINT WARNING * * *
The leopard gecko barely misses you.
You feel very mighty all of a sudden. Ijyb hits you but does no damage.
The leopard gecko bites you but does no damage.
You puncture Ijyb!
Space bends around Ijyb.
Ijyb is almost dead.
Jessica points at you and mumbles some strange words.
Pain shoots through your body!
You die...

#...........
#[........@....).....
#.....................
##(....................
#.............(........
.....l.................
.....g@................
.......................
.......................
....................)..
.......................
##.....................
#......[..............
#####.################
#.#


You could see Ijyb, Jessica and a leopard gecko.

Vanquished Creatures
  An orc priest (D:2)
  Robin (D:3)
  2 adders (D:2)
  A leopard gecko (D:1)
  4 orcs
  2 giant cockroaches
  14 goblins
  4 hobgoblins
  4 bats
  A frilled lizard (D:3)
  8 kobolds
  4 rats
46 creatures vanquished.

Vanquished Creatures (others)
  An orc (D:3)
  2 goblins (D:3)
  A hobgoblin (D:3)
  A bat (D:3)
  A kobold (D:3)
6 creatures vanquished.

Grand Total: 52 creatures vanquished

Notes
Turn   | Place    | Note
-------+----------+-------------------------------------------
     0 | D:1      | Allula97 the Demonspawn Monk began the quest for the Orb.
     0 | D:1      | Reached XP level 1. HP: 18/18 MP: 1/1
   186 | D:1      | Gained mutation: You are slightly more attuned to the
                  | shadows. [demonic ancestry]
   186 | D:1      | Reached XP level 2. HP: 24/24 MP: 2/2
   872 | D:1      | You fall into a shaft and drop 1 floor!
   888 | D:2      | Reached XP level 3. HP: 29/29 MP: 3/3
  1063 | D:2      | Reached skill level 1 in Short Blades
  1063 | D:2      | Reached skill level 1 in Armour
  1063 | D:2      | Reached XP level 4. HP: 12/35 MP: 3/5
  1074 | D:2      | HP: 1/35 [orc/+0 hand axe (1)]
  1177 | D:3      | Noticed Natasha
  1182 | D:3      | Banished Natasha
  1209 | D:3      | Noticed Robin
  1237 | D:3      | Killed Robin
  1316 | D:3      | Noticed Jessica
  1321 | D:3      | Noticed Ijyb
  1331 | D:3      | Killed from afar by Jessica

Illustrated notes

Levels and vault maps discovered:
D:1:      grunt_arrival_crossed_arrows, layout_basic
D:2:      cheibrodos_pilgrimage, layout_loops_ring,
          nicolae_overflow_hidden_temple
D:3:      layout_basic, grunt_temple_overflow_open, nicolae_gozag_seed_capital,
          uniq_natasha, uniq_ijyb, uniq_jessica, uniq_robin, uniq_terence

Skill      XL: |  1  2  3 |
---------------+----------+-----
Stealth        | 2 |  2.6
Dodging        | 3 |  3.2
Short Blades   | 1 |  1.5
Armour         | 1 |  1.2
Fighting       | |  3.6
Long Blades    | |  2.8
Spellcasting   | |  0.9

Action                   |  1- 3 |  4- 6 || total
-------------------------+-------+-------++-------
Melee: Falchion          |    19 |       ||    19
       Dagger            |    41 |    63 ||   104
Throw: Dart              |       |     5 ||     5
  Use: Scroll            |       |     3 ||     3
       Potion            |       |     3 ||     3
 Stab: Sleeping          |     4 |     1 ||     5
  Eat: Chunk             |       |     1 ||     1
Armor: Ring mail         |    27 |    21 ||    48
       Robe              |     1 |       ||     1
Dodge: Dodged            |    32 |    46 ||    78
       Rpst.: Falchion   |     6 |       ||     6
